 Dungeon Crawl Stone Soup version 0.24-a0-487-g57318f2 (webtiles) character file.

Game seed: 410459000271247375

19240 silenth the Basher (level 12, 0/133 HPs)
             Began as an Ogre Gladiator on July 10, 2019.
             Was a High Priest of Okawaru.
             Slain by an eight-headed hydra (10 damage)
             ... on level 3 of the Lair of Beasts.
             The game lasted 00:28:29 (14594 turns).

silenth the Basher (Ogre Gladiator)                Turns: 14594, Time: 00:28:30

Health: 0/133      AC:  8    Str: 21    XL:     12   Next: 66%
Magic:  14/14      EV: 11    Int: 14    God:    Okawaru [*****.]
Gold:   794        SH:  0    Dex: 14    Spells: 11/11 levels left

rFire    . . .     SeeInvis .   a - +5 giant spiked club "Oleb" {freeze, Int+5}
rCold    + . .     Gourm    .   (shield currently unavailable)
rNeg     . . .     Faith    +   t - +0 robe
rPois    .         Spirit   .   C - +2 hat
rElec    .         Reflect  .   z - +2 cloak
rCorr    .         Harm     .   (gloves unavailable)
MR       +....                  (boots unavailable)
Stlth    +++.......             O - amulet of faith (curse)
HPRegen  0.32/turn              x - ring of protection from cold
MPRegen  0.14/turn              E - ring of flight

@: no status effects
A: large, unfitting armour, tough skin 1
a: Heroism, Finesse, Renounce Religion, Evoke Flight


You were on level 3 of the Lair of Beasts.
You worshipped Okawaru.
Okawaru was extremely pleased with you.
You were not hungry.

You visited 3 branches of the dungeon, and saw 16 of its levels.

You collected 794 gold pieces.

Inventory:

Hand Weapons
 a - the +5 giant spiked club "Oleb" (weapon) {freeze, Int+5}
   (You acquired it on level 7 of the Dungeon)

   It has been specially enchanted to freeze those struck by it, causing extra
   injury to most foes and up to half again as much damage against particularly
   susceptible opponents.
   It can also slow down cold-blooded creatures.
   It affects your intelligence (+5).
 b - a +1 dire flail of holy wrath
 w - the +5 great mace "Urenir" {vamp, +Blink rC+}
   (Okawaru gifted it to you on level 11 of the Dungeon)

   It inflicts no extra harm, but heals its wielder when it wounds a living foe.
   It protects you from cold.
   It lets you blink.
Missiles
 c - 64 poisoned darts (quivered)
 d - a throwing net
 q - 13 curare-tipped darts
 v - 6 atropa-tipped darts
 y - 10 boomerangs
 G - 6 silver javelins
 R - 2 large rocks
 S - 5 javelins
Armour
 t - a +0 robe (worn)
 z - a +2 cloak (worn)
 C - a +2 hat (worn)
Jewellery
 j - a +3 amulet of reflection
 x - a ring of protection from cold (left hand)
 E - a ring of flight (right hand)
 O - a cursed amulet of faith (around neck)
Wands
 B - a wand of acid (10)
 K - a wand of enslavement (7)
 N - a wand of disintegration (10)
Scrolls
 g - 8 scrolls of teleportation
 i - a scroll of identify
 n - 2 scrolls of fog
 r - 2 scrolls of remove curse
 A - a scroll of magic mapping
 H - 3 scrolls of enchant weapon
 L - 3 scrolls of fear
Potions
 f - 4 potions of curing
 h - 3 potions of mutation
 m - 3 potions of flight
 o - 2 potions of agility
 p - 5 potions of lignification
 s - a potion of brilliance
 u - a potion of magic
 F - a potion of berserk rage
 I - a potion of invisibility
 M - 3 potions of heal wounds
Miscellaneous
 k - a phial of floods
Comestibles
 e - 14 rations


   Skills:
 + Level 12.3 Fighting
 * Level 14.5 Maces & Flails
 + Level 5.7 Throwing
 - Level 2.6 Dodging
 + Level 3.9 Stealth
 + Level 3.7 Invocations
 - Level 1.3 Evocations


You had 11 spell levels left.
You didn't know any spells.
Your spell library contained the following spells:

 Spells                   Type           Power        Failure   Level  Hunger
 Beastly Appendage        Tmut           #.....       28%         1    ##.....
 Sticks to Snakes         Tmut           #.......     41%         2    ###....
 Spider Form              Tmut/Pois      #.........   65%         3    ####...
 Ice Form                 Ice/Tmut       #.......     96%         4    #####..
 Blade Hands              Tmut           #.........   100%        5    ######.


Dungeon Overview and Level Annotations

Branches:
Dungeon (12/15)            Temple (1/1) D:4            Lair (3/6) D:8
  Snake (0/4) Lair:2          Orc (0/2) D:9
  Swamp: Lair:2-4    Shoals: Lair:2-4

Altars:
Ashenzari
Cheibriados
Dithmenos
Elyvilon
Fedhas
Gozag
Hepliaklqana
Kikubaaqudgha
Makhleb
Nemelex Xobeh
Okawaru
Qazlal
Ru
Sif Muna
Trog
Uskayaw
Vehumet
Wu Jian
Xom
Yredelemnul
Zin
The Shining One

Shops:
D:6 ?   D:8 [


Innate Abilities, Weirdness & Mutations

You are too large for most types of armour.
You have tough skin. (AC +1)


Message History

The eight-headed hydra is moderately wounded.
The eight-headed hydra bites you. The eight-headed hydra bites you!
The eight-headed hydra bites you but does no damage.
The eight-headed hydra barely misses you.
The eight-headed hydra bites you! x3; The eight-headed hydra bites you.
You completely miss the eight-headed hydra.
The eight-headed hydra is lightly wounded.
The eight-headed hydra barely misses you. x2
The eight-headed hydra bites you!
* * * LOW HITPOINT WARNING * * *
The eight-headed hydra bites you.
* * * LOW HITPOINT WARNING * * *
The eight-headed hydra bites you.
* * * LOW HITPOINT WARNING * * *
The eight-headed hydra bites you!
* * * LOW HITPOINT WARNING * * *
The eight-headed hydra bites you!
* * * LOW HITPOINT WARNING * * *
The eight-headed hydra bites you!
You die...

▒▒≈≈≈..▒. ..
▒▒.≈≈≈≈≈.▒ ...
▒▒.≈≈≈≈≈≈..
...▒▒▒▒...≈≈≈≈≈≈.
.........<≈≈≈≈≈≈.
...........≈≈≈≈≈.
..........≈≈≈≈≈..
.........≈≈≈≈≈≈..
.......@.≈≈≈≈≈...
.......D..≈≈≈....
.................
..▒.▒▒▒▒▒P.!...P.
...▒ ▒.[.... .▒▒
▒.... .... ...


You could see an eight-headed hydra.

Vanquished Creatures
  A hydra (Lair:2)
  2 two-headed ogres
  Urug (D:11)
  2 spiny frogs (Lair:2)
  A black mamba (Lair:2)
  A rime drake (Lair:2)
  A centaur skeleton (D:11)
  9 komodo dragons
  A hornet (D:11)
  A hippogriff (Lair:2)
  A shadow (D:11)
  A spriggan (D:7)
  A wraith (D:11)
  5 yaks
  A wyvern (D:9)
  3 basilisks (Lair:2)
  A hungry ghost (D:7)
  Grum (D:8)
  A naga (Lair:2)
  9 water moccasins
  3 porcupines (Lair:1)
  3 ice beasts
  A sky beast (D:10)
  8 ogres
  3 orc warriors
  A phantom (D:9)
  An eye of draining (D:11)
  A black bear (D:9)
  4 wolves (D:8)
  A crocodile (Lair:2)
  A big kobold (D:10)
  A bullfrog (D:10)
  3 scorpions
  4 killer bees (D:11)
  A water moccasin skeleton (D:10)
  A howler monkey (D:6)
  7 crimson imps
  2 centaur zombies
  A quasit (D:7)
  A bullfrog zombie (D:11)
  A hound (D:8)
  3 orc priests
  2 bullfrog skeletons
  4 iguanas
  8 orc wizards
  4 worker ants
  2 hound zombies
  3 worker ant zombies
  4 gnolls (D:8)
  7 adders
  2 howler monkey skeletons
  2 shadow imps
  An ooze (D:3)
  An adder skeleton (D:6)
  5 worms
  2 dart slugs (D:2)
  5 leopard geckos
  50 orcs
  11 giant cockroaches
  10 hobgoblins
  4 jackals
  7 quokkas
  10 bats
  9 frilled lizards
  10 goblins
  8 kobolds
  11 rats
  2 plants (D:8)
280 creatures vanquished.

Vanquished Creatures (others)
  2 plants (D:8)
2 creatures vanquished.

Grand Total: 282 creatures vanquished

Notes
Turn   | Place    | Note
-------+----------+-------------------------------------------
     0 | D:1      | silenth the Ogre Gladiator began the quest for the Orb.
     0 | D:1      | Reached XP level 1. HP: 22/22 MP: 1/1
    45 | D:1      | Reached skill level 3 in Fighting
    47 | D:1      | Reached skill level 3 in Maces & Flails
    47 | D:1      | Reached XP level 2. HP: 30/31 MP: 2/2
   316 | D:1      | You fall into a shaft and drop 1 floor!
   678 | D:2      | Reached XP level 3. HP: 30/37 MP: 3/3
  1460 | D:2      | Reached XP level 4. HP: 47/48 MP: 4/4
  1727 | D:2      | Reached skill level 4 in Maces & Flails
  2249 | D:3      | Reached skill level 4 in Fighting
  2283 | D:3      | HP: 4/48 [poisoned by an orc]
  2751 | D:3      | Reached XP level 5. HP: 51/54 MP: 5/5
  3823 | D:4      | Noticed an ogre
  3834 | D:4      | Killed an ogre
  3834 | D:4      | Reached skill level 5 in Fighting
  3834 | D:4      | Reached skill level 5 in Maces & Flails
  3834 | D:4      | Reached XP level 6. HP: 66/66 MP: 6/6
  4159 | D:4      | Found a staircase to the Ecumenical Temple.
  4274 | Temple   | Entered the Ecumenical Temple
  4666 | D:5      | Entered Level 5 of the Dungeon
  4699 | D:5      | Reached skill level 6 in Maces & Flails
  4699 | D:5      | Reached XP level 7. HP: 16/74 MP: 7/7
  5026 | D:5      | Reached skill level 6 in Fighting
  5443 | D:5      | Found an opulent altar of Gozag.
  5677 | D:6      | Found an iron altar of Okawaru.
  5700 | D:6      | Became a worshipper of Warmaster Okawaru
  5940 | D:6      | Found Cun Duliw's Magic Scroll Emporium.
  6380 | D:7      | Found a blossoming altar of Fedhas.
  6380 | D:7      | Found a shattered altar of Ashenzari.
  6397 | D:7      | You fall into a shaft and drop 3 floors!
  6397 | D:10     | Entered Level 10 of the Dungeon
  6525 | D:9      | Reached skill level 7 in Fighting
  6525 | D:9      | Reached skill level 7 in Maces & Flails
  6525 | D:9      | Reached XP level 8. HP: 46/87 MP: 8/8
  6861 | D:8      | Found Idya's Antique Armour Boutique.
  7023 | D:8      | Found a staircase to the Lair.
  7024 | D:8      | Noticed a komodo dragon
  7049 | D:8      | Killed a komodo dragon
  7218 | D:8      | Reached * piety under Okawaru
  7218 | D:8      | Reached skill level 8 in Fighting
  7218 | D:8      | Reached skill level 8 in Maces & Flails
  7328 | D:7      | Identified a scroll of acquirement
  7330 | D:7      | Got an ivory giant spiked club
  7331 | D:7      | Identified the +5 giant spiked club "Oleb" {freeze, Int+5}
                  | (You acquired it on level 7 of the Dungeon)
  7457 | D:7      | Noticed a spriggan baker
  7458 | D:7      | Killed a spriggan baker
  7458 | D:7      | Reached skill level 1 in Invocations
  7503 | D:7      | Noticed a two-headed ogre
  7510 | D:7      | Killed a two-headed ogre
  7510 | D:7      | Reached ** piety under Okawaru
  7510 | D:7      | Reached skill level 9 in Fighting
  7510 | D:7      | Reached skill level 9 in Maces & Flails
  7510 | D:7      | Reached skill level 3 in Invocations
  7510 | D:7      | Reached XP level 9. HP: 98/98 MP: 11/11
  7748 | D:7      | Found an iron altar of Okawaru.
  7790 | D:7      | Paralysed by fainting for 7 turns
  7890 | D:7      | Found an ancient bone altar of Kikubaaqudgha.
  8138 | D:8      | Reached *** piety under Okawaru
  8139 | D:8      | Noticed Grum
  8144 | D:8      | Killed Grum
  8154 | D:8      | Reached skill level 10 in Fighting
  8154 | D:8      | Reached skill level 10 in Maces & Flails
  8162 | D:8      | HP: 5/101 [wolf[Grum] (9)]
  8714 | D:8      | Reached XP level 10. HP: 98/111 MP: 12/12
  8846 | D:8      | Found a hide-covered altar of Uskayaw.
  9178 | D:9      | Noticed a two-headed ogre
  9192 | D:9      | Killed a two-headed ogre
  9192 | D:9      | Reached **** piety under Okawaru
  9192 | D:9      | Reached skill level 1 in Evocations
  9340 | D:9      | Reached skill level 3 in Throwing
  9420 | D:9      | Found a staircase to the Orcish Mines.
  9643 | D:9      | Found a bloodstained altar of Trog.
  9855 | D:10     | Received a gift from Okawaru
  9925 | D:10     | Reached skill level 11 in Fighting
  9925 | D:10     | Reached skill level 11 in Maces & Flails
  9925 | D:10     | Reached skill level 1 in Stealth
 10385 | D:10     | Found the +0 pair of fencer's gloves {Riposte Dex+3}
 10622 | D:11     | Reached skill level 13 in Maces & Flails
 10622 | D:11     | Reached XP level 11. HP: 114/120 MP: 13/13
 10634 | D:11     | Reached ***** piety under Okawaru
 10713 | D:11     | Noticed a cyclops
 11026 | D:11     | Received a gift from Okawaru
 11027 | D:11     | Got a steaming great mace {god gift}
 11028 | D:11     | Identified the +5 great mace "Urenir" {vamp, +Blink rC+}
                  | (Okawaru gifted it to you on level 11 of the Dungeon)
 11099 | D:11     | Reached skill level 2 in Stealth
 11126 | D:11     | Reached skill level 4 in Throwing
 11164 | D:11     | Noticed Urug
 11172 | D:11     | Killed Urug
 12210 | Lair:1   | Entered Level 1 of the Lair of Beasts
 12219 | Lair:1   | Reached XP level 12. HP: 81/130 MP: 14/14
 12435 | Lair:1   | Reached skill level 14 in Maces & Flails
 12809 | Lair:1   | Received a gift from Okawaru
 12821 | Lair:1   | Reached skill level 3 in Stealth
 13010 | Lair:2   | Reached skill level 5 in Throwing
 13061 | Lair:2   | Noticed a four-headed hydra
 13072 | Lair:2   | Killed a four-headed hydra
 13072 | Lair:2   | Reached skill level 12 in Fighting
 13706 | Lair:2   | Received a gift from Okawaru
 13863 | Lair:2   | Found a staircase to the Snake Pit.
 14301 | Lair:3   | Received a gift from Okawaru
 14587 | Lair:3   | Noticed an eight-headed hydra
 14594 | Lair:3   | HP: 10/133 [eight-headed hydra (7)]
 14594 | Lair:3   | Slain by an eight-headed hydra

Levels and vault maps discovered:
D:1:      dpeg_arrival_simpleton_a, layout_basic, serial_corexii_hall,
          chequers_hall_statues_wall_a, chequers_hall_statues_corner_a,
          minmay_lizard_pond
D:2:      minmay_evil_eye, layout_basic, first_ration
D:3:      layout_loops_ring, nicolae_underground_beach
D:4:      layout_loops_cross, minmay_temple_entry_gardened_gates
D:5:      layout_loops_ring, lemuel_statue_altar
D:6:      layout_loops_ring, serial_shops, nicolae_shop_stone,
          okawaru_ov_weapons_minmay
D:7:      layout_rooms, kiku_gazebo_pond_becter, kennysheep_mini,
          chequers_temple_overflow_statue_of_worship, the_bakery
D:8:      layout_rooms, marbit_many_paths, david_lair_shrubbed, serial_shops,
          shop, eino_tiny_chamber, kennysheep_diamond, uniq_grum
D:9:      layout_stronghold, nicolae_overflow_crystal_walls, hiddenorc2_lemuel
D:10:     layout_irregular_city
D:11:     layout_small_grid, uniq_urug
D:12:     layout_small_grid
Temple:   regret_index_temple_sphere_string
Lair:1:   layout_big_grid, grunt_megastairs_1, lemuel_fruit_fields
Lair:2:   layout_small_grid, guppyfry_snake_entry_island
Lair:3:   layout_chaotic_city, grunt_megastairs_5, infiniplex_staircase_pool

Skill      XL: |  1  2  3  4  5  6  7  8  9 10 11 12 |
---------------+-------------------------------------+-----
Fighting       | 3 4 5 7 9 10 11 12 | 12.3
Maces & Flails | 3 4 5 6 7 9 10 13 14 | 14.5
Invocations    | 3 |  3.7
Evocations     | 1 |  1.3
Throwing       | 3 4 5 |  5.7
Stealth        | 1 2 3 |  3.9
Dodging        | |  2.6

Action                   |  1- 3 |  4- 6 |  7- 9 | 10-12 || total
-------------------------+-------+-------+-------+-------++-------
Melee: Flail             |   128 |   117 |    23 |       ||   268
       Whip              |       |    72 |       |       ||    72
       Morningstar       |       |    17 |   224 |       ||   241
       Giant spiked club |       |       |    59 |   278 ||   337
Throw: Dart              |       |     2 |    14 |    15 ||    31
       Throwing net      |       |       |     3 |       ||     3
       Boomerang         |       |       |       |     3 ||     3
Invok: Heroism           |       |       |     2 |     1 ||     3
  Use: Scroll            |       |       |    21 |     6 ||    27
       Potion            |       |       |     2 |     1 ||     3
 Stab: Sleeping          |     1 |       |     1 |     9 ||    11
  Eat: Chunk             |     2 |     6 |     7 |     6 ||    21
       Ration            |       |     1 |     5 |     4 ||    10
Armor: Robe              |    57 |    31 |    88 |    84 ||   260
Dodge: Dodged            |    83 |    94 |   144 |   144 ||   465

Table legend:
 A = Non-vault XP
 B = Vault XP
 C = Vault XP percentage of total XP
 D = Non-vault monster count
 E = Vault monster count
 F = Vault count percentage of total count
                 A         B        C        D         E       F
            +---------+---------+-------+---------+---------+-------
      Total |   16883 |    2822 |  14.3 |     235 |      43 |  15.5
            +---------+---------+-------+---------+---------+-------
        D:1 |      30 |       5 |  14.3 |      18 |       5 |  21.7
        D:2 |      62 |       2 |   3.1 |      32 |       1 |   3.0
        D:3 |     168 |       0 |   0.0 |      33 |       0 |   0.0
        D:4 |     337 |       0 |   0.0 |      15 |       0 |   0.0
        D:5 |     206 |       0 |   0.0 |      11 |       0 |   0.0
        D:6 |     103 |       0 |   0.0 |       8 |       0 |   0.0
        D:7 |    1586 |     220 |  12.2 |      14 |       1 |   6.7
        D:8 |     892 |     958 |  51.8 |      19 |       6 |  24.0
        D:9 |    1675 |     320 |  16.0 |      11 |      27 |  71.1
       D:10 |     900 |       0 |   0.0 |      16 |       0 |   0.0
       D:11 |    2140 |     819 |  27.7 |      25 |       1 |   3.8
     Lair:1 |    1803 |     338 |  15.8 |       9 |       1 |  10.0
     Lair:2 |    6805 |     160 |   2.3 |      23 |       1 |   4.2
     Lair:3 |     176 |       0 |   0.0 |       1 |       0 |   0.0
            +---------+---------+-------+---------+---------+-------
